Canucks vs Flames

Created - October 6 2009 at 18:41

Simulating a Pre-Season

Goals
1 2 3 T
Canucks 1 0 0 1
Flames 0 0 2 2
Shots
1 2 3 T
Canucks 6 7 7 20
Flames 5 4 6 15

Period #1

1. Canucks , Corey Perry 1 (Duncan Keith, Vincent Lecavalier) at 0:10

Penalties :
Lee Stempniak (CGY) for Hooking (Minor) at 4:19, Alexander Edler (VAN) for Holding (Minor) at 4:19, Andrew Ference (VAN) for Tripping (Minor) at 8:16, Chris Pronger (CGY) for Hooking (Minor) at 19:19

Period #2

No Goal

Penalties :
Matt Carle (CGY) for Holding (Minor) at 0:35, David Backes (VAN) for Delaying the game (Minor) at 11:14

Period #3

2. Flames , Daniel Sedin 1 (Nikolai Zherdev, Henrik Sedin) at 6:27
3. Flames , Matt Carle 1 (Tobias Enstrom, Nikolai Zherdev) at 10:10 (PP)

Penalties :
David Backes (VAN) for Holding (Minor) at 2:45, Fedor Tyutin (VAN) for Slashing (Minor) at 9:46

Goalie Stats

Cam Ward (VAN), 13 saves from 15 shots - (0.867), L, 2-1-0, 59:15 minutes
Tim Thomas (CGY), 19 saves from 20 shots - (0.950), W, 2-0-0, 60:00 minutes

Players Stats

Canucks
Player Name              G  A  P  +/- PIM S  H  SB FO    MP 
------------------------------------------------------------
Ales Hemsky              0  0  0   0  0   1  0  0  0/0   14 
Alex Tanguay             0  0  0   0  0   0  1  0  0/0   7  
Alexander Edler          0  0  0   0  2   0  0  0  0/0   18 
Alexander Frolov         0  0  0   1  0   1  0  0  0/1   17 
Andrei Kostitsyn         0  0  0   0  0   0  0  0  0/0   5  
Andrew Ference           0  0  0  -1  2   1  0  1  0/0   19 
Brandon Dubinsky         0  0  0   0  0   3  2  0  7/13  10 
Corey Perry              1  0  1   1  0   1  2  0  1/2   17 
David Backes             0  0  0   0  4   2  1  0  1/2   14 
Duncan Keith             0  1  1   1  0   0  0  0  0/0   20 
Fedor Tyutin             0  0  0   0  2   0  3  1  0/0   19 
Ian White                0  0  0  -1  0   1  1  0  1/1   18 
Joe Thornton             0  0  0   0  0   3  0  0  4/12  16 
Kyle Okposo              0  0  0  -1  0   1  0  1  1/1   18 
Rob Blake                0  0  0   1  0   2  2  1  0/0   22 
Ron Hainsey              0  0  0  -1  0   0  0  3  0/0   19 
Ryan Kesler              0  0  0  -1  0   1  0  0  8/15  19 
Vincent Lecavalier       0  1  1   1  0   3  1  0  8/17  18 
Flames
Player Name              G  A  P  +/- PIM S  H  SB FO    MP 
------------------------------------------------------------
Andrej Sekera            0  0  0   0  0   0  1  0  2/4   7  
Chris Pronger            0  0  0   0  2   3  0  1  0/0   20 
Daniel Sedin             1  0  1   0  0   4  0  0  3/10  22 
Dustin Penner            0  0  0   0  0   1  0  0  0/0   3  
Frans Nielsen            0  0  0   0  0   0  0  1  6/10  19 
Henrik Sedin             0  1  1   0  0   0  1  0  12/22 20 
Jiri Hudler              0  0  0   0  0   0  1  0  0/3   21 
Keith Tkachuk            0  0  0   0  0   3  1  0  1/1   20 
Lee Stempniak            0  0  0   0  2   0  4  0  0/0   17 
Marc-Edouard Vlasic      0  0  0   0  0   0  1  1  0/1   22 
Matt Carle               1  0  1   0  2   1  0  0  0/0   19 
Matt Cullen              0  0  0   0  0   1  0  0  6/8   7  
Nikolai Zherdev          0  2  2   0  0   1  2  0  1/2   18 
Paul Mara                0  0  0   0  0   0  2  1  0/0   17 
Roman Hamrlik            0  0  0   0  0   0  2  0  0/0   21 
Tobias Enstrom           0  1  1   0  0   0  1  2  0/0   22 
Trevor Daley             0  0  0   0  0   0  0  0  0/0   0  
Valtteri Filppula        0  0  0   0  0   1  1  1  2/3   20 

3 Stars

1 - Corey Perry (VAN)
2 - Tim Thomas (CGY)
3 - Nikolai Zherdev (CGY)

Power Play

Canucks - 0 on 2 Attempt(s) - 0.00%
Flames - 1 on 4 Attempt(s) - 25.00%

Penalty Kill

Canucks - 3 on 4 Attempt(s) - 75.00% - Score 0 goal in Penalty Kill
Flames - 2 on 2 Attempt(s) - 100.00% - Score 0 goal in Penalty Kill

Game Notes

Matt Cullen is injured at 19:35 of 1st period (Right Ankle)

Play by Play

Period #1

0:01 of 1st period - Vincent Lecavalier wins face-off versus Henrik Sedin in neutral zone.
0:10 of 1st period - Shot by Corey Perry.
0:10 of 1st period - Goal by Corey Perry - Canucks : 1 - Flames : 0.
0:11 of 1st period - Matt Cullen wins face-off versus Joe Thornton in neutral zone.
0:25 of 1st period - Joe Thornton is hit by Roman Hamrlik.
0:27 of 1st period - Shot by Ales Hemsky.
0:27 of 1st period - Stopped by Tim Thomas without a rebound.
0:28 of 1st period - Henrik Sedin wins face-off versus Vincent Lecavalier in Flames zone.
0:41 of 1st period - Shot by Corey Perry.
0:41 of 1st period - Shot Misses the Net.
1:01 of 1st period - Shot by Vincent Lecavalier.
1:01 of 1st period - Stopped by Tim Thomas without a rebound.
1:02 of 1st period - Matt Cullen wins face-off versus Joe Thornton in Flames zone.
1:15 of 1st period - Shot by Keith Tkachuk.
1:15 of 1st period - Shot Misses the Net.
2:47 of 1st period - Shot by Rob Blake.
2:47 of 1st period - Shot Misses the Net.
3:36 of 1st period - Henrik Sedin is hit by Rob Blake and loses puck.
3:42 of 1st period - Off-side.
3:43 of 1st period - Joe Thornton wins face-off versus Frans Nielsen in neutral zone.
3:46 of 1st period - Shot by David Backes.
3:46 of 1st period - Stopped by Tim Thomas without a rebound.
3:47 of 1st period - Joe Thornton wins face-off versus Frans Nielsen in Flames zone.
4:15 of 1st period - Valtteri Filppula is hit by Fedor Tyutin and loses puck.
4:19 of 1st period - Minor Penalty to Lee Stempniak for Hooking.
4:19 of 1st period - Minor Penalty to Alexander Edler for Holding.
4:20 of 1st period - Ryan Kesler wins face-off versus Henrik Sedin in Canucks zone.
5:47 of 1st period - Shot by Nikolai Zherdev.
5:47 of 1st period - Stopped by Cam Ward with a rebound.
5:52 of 1st period - Off-side.
5:53 of 1st period - Henrik Sedin wins face-off versus Brandon Dubinsky in neutral zone.
6:37 of 1st period - Icing by Alexander Edler.
6:38 of 1st period - Joe Thornton wins face-off versus Matt Cullen in Canucks zone.
7:08 of 1st period - Icing by Tobias Enstrom.
7:09 of 1st period - Matt Cullen wins face-off versus Vincent Lecavalier in Flames zone.
7:42 of 1st period - Shot by Vincent Lecavalier.
7:42 of 1st period - Stopped by Tim Thomas without a rebound.
7:43 of 1st period - Ryan Kesler wins face-off versus Henrik Sedin in Flames zone.
7:47 of 1st period - Icing by Chris Pronger.
7:48 of 1st period - Ian White wins face-off versus Henrik Sedin in Flames zone.
8:11 of 1st period - Shot by Daniel Sedin.
8:11 of 1st period - Shot Misses the Net.
8:15 of 1st period - Shot by Daniel Sedin.
8:15 of 1st period - Shot Blocked by Andrew Ference.
8:16 of 1st period - Minor Penalty to Andrew Ference for Tripping.
8:17 of 1st period - Matt Cullen wins face-off versus Brandon Dubinsky in Canucks zone.
9:12 of 1st period - Shot by Chris Pronger.
9:12 of 1st period - Shot Misses the Net.
9:16 of 1st period - Shot by Daniel Sedin.
9:16 of 1st period - Stopped by Cam Ward with a rebound.
9:18 of 1st period - Shot by Chris Pronger.
9:18 of 1st period - Shot Blocked by Rob Blake.
10:30 of 1st period - Fedor Tyutin is hit by Lee Stempniak and loses puck.
11:57 of 1st period - Shot by Jiri Hudler.
11:57 of 1st period - Shot Misses the Net.
12:37 of 1st period - Icing by Andrew Ference.
12:38 of 1st period - Ryan Kesler wins face-off versus Henrik Sedin in Canucks zone.
13:06 of 1st period - Shot by Daniel Sedin.
13:06 of 1st period - Stopped by Cam Ward without a rebound.
13:07 of 1st period - Frans Nielsen wins face-off versus Vincent Lecavalier in Canucks zone.
14:12 of 1st period - Shot by Joe Thornton.
14:12 of 1st period - Shot Misses the Net.
15:03 of 1st period - Marc-Edouard Vlasic is hit by Alex Tanguay.
16:03 of 1st period - Alexander Frolov is hit by Marc-Edouard Vlasic and loses puck.
16:52 of 1st period - Shot by Matt Cullen.
16:52 of 1st period - Stopped by Cam Ward without a rebound.
16:53 of 1st period - Ryan Kesler wins face-off versus Valtteri Filppula in Canucks zone.
17:15 of 1st period - Ian White is hit by Lee Stempniak and loses puck.
17:26 of 1st period - Shot by Kyle Okposo.
17:26 of 1st period - Shot Blocked by Paul Mara.
17:28 of 1st period - Shot by Ian White.
17:28 of 1st period - Stopped by Tim Thomas with a rebound.
18:06 of 1st period - Icing by Rob Blake.
18:07 of 1st period - Matt Cullen wins face-off versus Brandon Dubinsky in Canucks zone.
18:13 of 1st period - Icing by Brandon Dubinsky.
18:14 of 1st period - Brandon Dubinsky wins face-off versus Henrik Sedin in Canucks zone.
18:21 of 1st period - Andrei Kostitsyn is hit by Nikolai Zherdev and loses puck.
18:32 of 1st period - Shot by Chris Pronger.
18:32 of 1st period - Stopped by Cam Ward without a rebound.
18:33 of 1st period - Kyle Okposo wins face-off versus Matt Cullen in Canucks zone.
18:39 of 1st period - Ryan Kesler is hit by Roman Hamrlik and loses puck.
19:19 of 1st period - Minor Penalty to Chris Pronger for Hooking.
19:20 of 1st period - Matt Cullen wins face-off versus Joe Thornton in Flames zone.
19:26 of 1st period - Icing by Joe Thornton.
19:27 of 1st period - Valtteri Filppula wins face-off versus David Backes in Canucks zone.
19:34 of 1st period - Matt Cullen is hit by David Backes and loses puck.
19:35 of 1st period - Matt Cullen from Flames is injured at 19:35 of 1st period (Right Ankle).
19:36 of 1st period - Vincent Lecavalier wins face-off versus Daniel Sedin in Flames zone.
19:57 of 1st period - Shot by Alex Tanguay.
19:57 of 1st period - Deflect By Vincent Lecavalier.
19:57 of 1st period - Shot Blocked by Valtteri Filppula.
19:59 of 1st period - Shot by Alexander Edler.
19:59 of 1st period - Shot Misses the Net.

Period #2

0:01 of 2nd period - Joe Thornton wins face-off versus Daniel Sedin in neutral zone.
0:28 of 2nd period - Shot by Corey Perry.
0:28 of 2nd period - Shot Blocked by Tobias Enstrom.
0:30 of 2nd period - Shot by Joe Thornton.
0:30 of 2nd period - Shot Blocked by Frans Nielsen.
0:32 of 2nd period - Shot by Rob Blake.
0:32 of 2nd period - Stopped by Tim Thomas without a rebound.
0:33 of 2nd period - Vincent Lecavalier wins face-off versus Daniel Sedin in Flames zone.
0:35 of 2nd period - Minor Penalty to Matt Carle for Holding.
0:36 of 2nd period - Vincent Lecavalier wins face-off versus Daniel Sedin in Flames zone.
1:04 of 2nd period - Alexander Frolov is hit by Tobias Enstrom and loses puck.
1:45 of 2nd period - Shot by Corey Perry.
1:45 of 2nd period - Shot Misses the Net.
2:55 of 2nd period - Shot by Ryan Kesler.
2:55 of 2nd period - Stopped by Tim Thomas without a rebound.
2:56 of 2nd period - Brandon Dubinsky wins face-off versus Daniel Sedin in Flames zone.
3:09 of 2nd period - Shot by Andrei Kostitsyn.
3:09 of 2nd period - Shot Misses the Net.
3:13 of 2nd period - Shot by Rob Blake.
3:13 of 2nd period - Stopped by Tim Thomas without a rebound.
3:14 of 2nd period - Nikolai Zherdev wins face-off versus Ryan Kesler in Flames zone.
3:23 of 2nd period - Shot by Ryan Kesler.
3:23 of 2nd period - Shot Misses the Net.
3:43 of 2nd period - Off-side.
3:44 of 2nd period - David Backes wins face-off versus Frans Nielsen in neutral zone.
4:29 of 2nd period - Off-side.
4:30 of 2nd period - Corey Perry wins face-off versus Daniel Sedin in neutral zone.
4:35 of 2nd period - Tobias Enstrom is hit by Vincent Lecavalier and loses puck.
4:56 of 2nd period - Shot by Vincent Lecavalier.
4:56 of 2nd period - Stopped by Tim Thomas without a rebound.
4:57 of 2nd period - Henrik Sedin wins face-off versus Ryan Kesler in Flames zone.
5:08 of 2nd period - Shot by Daniel Sedin.
5:08 of 2nd period - Shot Misses the Net.
5:12 of 2nd period - Shot by Daniel Sedin.
5:12 of 2nd period - Shot Misses the Net.
5:14 of 2nd period - Shot by Chris Pronger.
5:14 of 2nd period - Stopped by Cam Ward without a rebound.
5:15 of 2nd period - Brandon Dubinsky wins face-off versus Henrik Sedin in Canucks zone.
5:43 of 2nd period - Shot by Alex Tanguay.
5:43 of 2nd period - Shot Blocked by Tobias Enstrom.
5:47 of 2nd period - Shot by Brandon Dubinsky.
5:47 of 2nd period - Stopped by Tim Thomas without a rebound.
5:48 of 2nd period - Ryan Kesler wins face-off versus Frans Nielsen in Flames zone.
6:04 of 2nd period - Ryan Kesler is hit by Paul Mara.
6:09 of 2nd period - Ian White is hit by Paul Mara.
6:42 of 2nd period - Icing by Ryan Kesler.
6:43 of 2nd period - Henrik Sedin wins face-off versus Ryan Kesler in Canucks zone.
7:12 of 2nd period - Off-side.
7:13 of 2nd period - Henrik Sedin wins face-off versus Vincent Lecavalier in neutral zone.
9:07 of 2nd period - Off-side.
9:08 of 2nd period - Ryan Kesler wins face-off versus Henrik Sedin in neutral zone.
10:59 of 2nd period - Shot by Nikolai Zherdev.
10:59 of 2nd period - Shot Misses the Net.
11:14 of 2nd period - Minor Penalty to David Backes for Delaying the game.
11:15 of 2nd period - Brandon Dubinsky wins face-off versus Jiri Hudler in Canucks zone.
12:06 of 2nd period - Fedor Tyutin is hit by Jiri Hudler and loses puck.
12:35 of 2nd period - Shot by Chris Pronger.
12:35 of 2nd period - Stopped by Cam Ward without a rebound.
12:36 of 2nd period - Henrik Sedin wins face-off versus Alexander Frolov in Canucks zone.
13:29 of 2nd period - Shot by Alexander Frolov.
13:29 of 2nd period - Stopped by Tim Thomas without a rebound.
13:30 of 2nd period - Frans Nielsen wins face-off versus Joe Thornton in Flames zone.
13:51 of 2nd period - Alexander Edler is hit by Valtteri Filppula and loses puck.
14:53 of 2nd period - Icing by Valtteri Filppula.
14:54 of 2nd period - Frans Nielsen wins face-off versus Vincent Lecavalier in Flames zone.
14:54 of 2nd period - Matt Carle is hit by Corey Perry and loses puck.
16:55 of 2nd period - Shot by Daniel Sedin.
16:55 of 2nd period - Deflect By Keith Tkachuk.
16:55 of 2nd period - Shot Misses the Net.
16:57 of 2nd period - Shot by Keith Tkachuk.
16:57 of 2nd period - Stopped by Cam Ward without a rebound.
16:58 of 2nd period - Vincent Lecavalier wins face-off versus Henrik Sedin in Canucks zone.
17:03 of 2nd period - Shot by Alexander Frolov.
17:03 of 2nd period - Shot Misses the Net.
17:12 of 2nd period - Henrik Sedin is hit by Brandon Dubinsky and loses puck.
17:49 of 2nd period - Shot by Ian White.
17:49 of 2nd period - Shot Blocked by Marc-Edouard Vlasic.
17:51 of 2nd period - Shot by Ryan Kesler.
17:51 of 2nd period - Deflect By Kyle Okposo.
17:51 of 2nd period - Stopped by Tim Thomas with a rebound.
18:20 of 2nd period - Off-side.
18:21 of 2nd period - Brandon Dubinsky wins face-off versus Andrej Sekera in neutral zone.
18:42 of 2nd period - Shot by Keith Tkachuk.
18:42 of 2nd period - Stopped by Cam Ward without a rebound.
18:43 of 2nd period - Vincent Lecavalier wins face-off versus Henrik Sedin in Canucks zone.
18:51 of 2nd period - Icing by Vincent Lecavalier.
18:52 of 2nd period - Henrik Sedin wins face-off versus Vincent Lecavalier in Canucks zone.
19:32 of 2nd period - Icing by Duncan Keith.
19:33 of 2nd period - Vincent Lecavalier wins face-off versus Andrej Sekera in Canucks zone.
19:41 of 2nd period - Icing by Duncan Keith.
19:42 of 2nd period - Andrej Sekera wins face-off versus Vincent Lecavalier in Canucks zone.

Period #3

0:01 of 3rd period - Henrik Sedin wins face-off versus Vincent Lecavalier in neutral zone.
0:07 of 3rd period - Nikolai Zherdev is hit by Rob Blake and loses puck.
0:22 of 3rd period - Shot by Daniel Sedin.
0:22 of 3rd period - Stopped by Cam Ward without a rebound.
0:23 of 3rd period - Daniel Sedin wins face-off versus Joe Thornton in Canucks zone.
0:37 of 3rd period - Icing by Tobias Enstrom.
0:38 of 3rd period - Daniel Sedin wins face-off versus Ryan Kesler in Flames zone.
1:11 of 3rd period - Ryan Kesler is hit by Keith Tkachuk and loses puck.
2:28 of 3rd period - Shot by Joe Thornton.
2:28 of 3rd period - Shot Misses the Net.
2:45 of 3rd period - Minor Penalty to David Backes for Holding.
2:46 of 3rd period - Brandon Dubinsky wins face-off versus Daniel Sedin in Canucks zone.
2:52 of 3rd period - Icing by Nikolai Zherdev.
2:53 of 3rd period - Daniel Sedin wins face-off versus Ryan Kesler in Flames zone.
3:18 of 3rd period - Shot by Nikolai Zherdev.
3:18 of 3rd period - Shot Blocked by Fedor Tyutin.
3:37 of 3rd period - Icing by Marc-Edouard Vlasic.
3:38 of 3rd period - Henrik Sedin wins face-off versus Brandon Dubinsky in Flames zone.
3:38 of 3rd period - Henrik Sedin is hit by Brandon Dubinsky.
4:02 of 3rd period - Shot by Henrik Sedin.
4:02 of 3rd period - Shot Blocked by Ron Hainsey.
4:31 of 3rd period - Duncan Keith is hit by Andrej Sekera and loses puck.
4:59 of 3rd period - Shot by Dustin Penner.
4:59 of 3rd period - Stopped by Cam Ward with a rebound.
5:01 of 3rd period - Shot by Roman Hamrlik.
5:01 of 3rd period - Shot Misses the Net.
5:03 of 3rd period - Shot by Dustin Penner.
5:03 of 3rd period - Shot Misses the Net.
5:43 of 3rd period - Kyle Okposo is hit by Lee Stempniak.
6:15 of 3rd period - Shot by Nikolai Zherdev.
6:15 of 3rd period - Shot Misses the Net.
6:19 of 3rd period - Shot by Daniel Sedin.
6:19 of 3rd period - Shot Hit the Post.
6:23 of 3rd period - Shot by Henrik Sedin.
6:23 of 3rd period - Shot Misses the Net.
6:27 of 3rd period - Shot by Nikolai Zherdev.
6:27 of 3rd period - Deflect By Daniel Sedin.
6:27 of 3rd period - Goal by Daniel Sedin - Canucks : 1 - Flames : 1.
6:28 of 3rd period - Vincent Lecavalier wins face-off versus Marc-Edouard Vlasic in neutral zone.
6:33 of 3rd period - Jiri Hudler is hit by Corey Perry.
6:57 of 3rd period - Shot by Keith Tkachuk.
6:57 of 3rd period - Stopped by Cam Ward with a rebound.
7:32 of 3rd period - Shot by David Backes.
7:32 of 3rd period - Shot Hit the Post.
7:37 of 3rd period - Shot by Fedor Tyutin.
7:37 of 3rd period - Shot Misses the Net.
7:39 of 3rd period - Shot by Alexander Edler.
7:39 of 3rd period - Deflect By Ales Hemsky.
7:39 of 3rd period - Shot Misses the Net.
7:43 of 3rd period - Shot by Joe Thornton.
7:43 of 3rd period - Stopped by Tim Thomas without a rebound.
7:44 of 3rd period - Henrik Sedin wins face-off versus Brandon Dubinsky in Flames zone.
7:52 of 3rd period - Daniel Sedin is hit by Fedor Tyutin and loses puck.
8:03 of 3rd period - Shot by Brandon Dubinsky.
8:03 of 3rd period - Stopped by Tim Thomas with a rebound.
8:05 of 3rd period - Shot by Brandon Dubinsky.
8:05 of 3rd period - Stopped by Tim Thomas without a rebound.
8:06 of 3rd period - Ryan Kesler wins face-off versus Nikolai Zherdev in Flames zone.
8:30 of 3rd period - Ron Hainsey is hit by Henrik Sedin and loses puck.
9:46 of 3rd period - Minor Penalty to Fedor Tyutin for Slashing.
9:47 of 3rd period - Andrej Sekera wins face-off versus Brandon Dubinsky in Canucks zone.
9:52 of 3rd period - Shot by Matt Carle.
9:52 of 3rd period - Shot Misses the Net.
10:00 of 3rd period - Shot by Nikolai Zherdev.
10:00 of 3rd period - Shot Blocked by Kyle Okposo.
10:02 of 3rd period - Shot by Tobias Enstrom.
10:02 of 3rd period - Shot Blocked by Ron Hainsey.
10:04 of 3rd period - Shot by Matt Carle.
10:04 of 3rd period - Shot Blocked by Ron Hainsey.
10:06 of 3rd period - Shot by Tobias Enstrom.
10:06 of 3rd period - Shot Misses the Net.
10:08 of 3rd period - Shot by Tobias Enstrom.
10:08 of 3rd period - Shot Misses the Net.
10:10 of 3rd period - Shot by Matt Carle.
10:10 of 3rd period - Goal by Matt Carle - Canucks : 1 - Flames : 2.
10:11 of 3rd period - Henrik Sedin wins face-off versus Joe Thornton in neutral zone.
10:30 of 3rd period - Shot by Joe Thornton.
10:30 of 3rd period - Shot Misses the Net.
11:12 of 3rd period - Shot by Andrew Ference.
11:12 of 3rd period - Stopped by Tim Thomas with a rebound.
11:20 of 3rd period - Icing by Ryan Kesler.
11:21 of 3rd period - Ryan Kesler wins face-off versus Jiri Hudler in Canucks zone.
11:54 of 3rd period - Icing by Marc-Edouard Vlasic.
11:55 of 3rd period - Brandon Dubinsky wins face-off versus Jiri Hudler in Flames zone.
12:42 of 3rd period - Off-side.
12:43 of 3rd period - Frans Nielsen wins face-off versus Ryan Kesler in neutral zone.
13:25 of 3rd period - Icing by Matt Carle.
13:26 of 3rd period - Frans Nielsen wins face-off versus Joe Thornton in Flames zone.
13:45 of 3rd period - Shot by Joe Thornton.
13:45 of 3rd period - Stopped by Tim Thomas with a rebound.
14:01 of 3rd period - Shot by Joe Thornton.
14:01 of 3rd period - Shot Misses the Net.
16:05 of 3rd period - Lee Stempniak is hit by Fedor Tyutin and loses puck.
16:28 of 3rd period - Shot by Joe Thornton.
16:28 of 3rd period - Stopped by Tim Thomas without a rebound.
16:29 of 3rd period - Henrik Sedin wins face-off versus Vincent Lecavalier in Flames zone.
16:34 of 3rd period - Rob Blake is hit by Nikolai Zherdev and loses puck.
16:58 of 3rd period - Shot by Henrik Sedin.
16:58 of 3rd period - Shot Misses the Net.
17:16 of 3rd period - Shot by Ales Hemsky.
17:16 of 3rd period - Shot Blocked by Chris Pronger.
17:38 of 3rd period - Icing by Tobias Enstrom.
17:39 of 3rd period - Frans Nielsen wins face-off versus Ryan Kesler in Flames zone.
18:16 of 3rd period - Valtteri Filppula is hit by Ian White and loses puck.
18:30 of 3rd period - Ryan Kesler is hit by Lee Stempniak and loses puck.
18:39 of 3rd period - Shot by Valtteri Filppula.
18:39 of 3rd period - Stopped by Cam Ward without a rebound.
18:40 of 3rd period - Valtteri Filppula wins face-off versus Joe Thornton in Canucks zone.
18:57 of 3rd period - Shot by David Backes.
18:57 of 3rd period - Stopped by Tim Thomas without a rebound.
18:58 of 3rd period - Keith Tkachuk wins face-off versus Corey Perry in Flames zone.
19:15 of 3rd period - Canucks, Cam Ward is pulled from the net.


Output by the SimonT Hockey Simulator (STHS) for Stephane Roy -- Original Page W3C XHTML 1.0 Valid